 Dungeon Crawl Stone Soup version 0.24.1-11-gbbbb2193e6 (webtiles) character file.

Game seed: 7368051820364722380, levelgen mode: deterministic

355 Mrkan the Shield-Bearer (level 6, -1/79 HPs)
             Began as a Gnoll Fighter on May 14, 2020.
             Slain by a killer bee (4 damage)
             ... on level 3 of the Dungeon.
             The game lasted 00:04:52 (3085 turns).

Mrkan the Shield-Bearer (Gnoll Fighter)             Turns: 3085, Time: 00:04:53

Health: -1/79      AC: 23    Str: 21    XL:     6   Next: 63%
Magic:  9/9        EV:  2    Int: 10    God:
Gold:   59         SH: 11    Dex: 14    Spells: 9/9 levels left

rFire    . . .     SeeInvis .   a - +0 trident
rCold    . . .     Gourm    .   c - +0 shield
rNeg     + + +     Faith    .   (armour currently unavailable)
rPois    +         Spirit   .   (helmet currently unavailable)
rElec    .         Reflect  .   (cloak currently unavailable)
rCorr    .         Harm     .   (gloves currently unavailable)
MR       .....     NoTele   +   (boots currently unavailable)
Stlth    ++........             (no amulet)
HPRegen  0.23/turn              (no ring)
MPRegen  0.11/turn              (no ring)

@: lethally poisoned (-1 -> -2), tree-form, starving
A: distributed training, strong nose
a: no special abilities


You were on level 3 of the Dungeon.
You were starving.
You were a tree.
You visited 1 branch of the dungeon, and saw 4 of its levels.

You collected 59 gold pieces.

Inventory:

Hand Weapons
 a - a +0 trident (weapon)
 i - a +0 hunting sling
Missiles
 j - 111 stones (quivered)
Armour
 c - a +0 shield (worn)
 n - a +0 chain mail
 x - a +0 plate armour (melded)
Jewellery
 g - an uncursed ring of positive energy {unknown}
 k - an uncursed ring of stealth {unknown}
Wands
 q - a wand of paralysis (8)
 v - a wand of disintegration (10)
Scrolls
 e - a scroll of random uselessness {unknown}
 h - 2 scrolls of remove curse {unknown}
 m - 4 scrolls of identify {unknown}
 p - a scroll of enchant armour {unknown}
 r - a scroll of amnesia {unknown}
 s - a scroll of enchant weapon {unknown}
Potions
 b - a potion of lignification
 d - a potion of might
 l - a potion of berserk rage {unknown}
 o - a potion of resistance {unknown}
 t - a potion of flight {unknown}
 u - a potion of heal wounds {unknown}
 w - 2 potions of curing {unknown}
Comestibles
 f - 6 rations


   Skills:
 + Level 6.8 Fighting
 + Level 2.0 Short Blades
 + Level 2.0 Long Blades
 + Level 2.0 Axes
 + Level 2.0 Maces & Flails
 + Level 5.0 Polearms
 + Level 2.0 Staves
 + Level 2.0 Slings
 + Level 2.0 Bows
 + Level 2.0 Crossbows
 + Level 2.0 Throwing
 + Level 6.8 Armour
 + Level 2.0 Dodging
 + Level 2.0 Stealth
 + Level 6.8 Shields
 + Level 2.0 Unarmed Combat
 + Level 2.0 Spellcasting
 + Level 1.6 Conjurations
 + Level 1.6 Hexes
 + Level 1.6 Charms
 + Level 1.6 Summonings
 + Level 1.6 Necromancy
 + Level 1.6 Translocations
 + Level 1.6 Transmutations
 + Level 1.6 Fire Magic
 + Level 1.6 Ice Magic
 + Level 1.6 Air Magic
 + Level 1.6 Earth Magic
 + Level 1.6 Poison Magic
 + Level 2.2 Invocations
 + Level 2.0 Evocations


You had 9 spell levels left.
You didn't know any spells.
Your spell library was empty.

Dungeon Overview and Level Annotations

Branches:
Dungeon (4/15)
 Temple: D:4-7

Altars:
Cheibriados
Dithmenos
Gozag
Makhleb
Qazlal
Vehumet
Xom


Innate Abilities, Weirdness & Mutations

Your experience applies equally to all skills.
((You have very sharp teeth.))
Your uncanny sense of smell can sniff out nearby items.


Message History

The killer bee stings you.
* * * LOW HITPOINT WARNING * * *
You block the killer bee's attack.
You closely miss the killer bee.
The killer bee is lightly wounded.
The killer bee stings you but does no damage. x2
You barely miss the killer bee.
The killer bee is lightly wounded.
You feel sick.
The killer bee stings you but does no damage.
You block the killer bee's attack.
You closely miss the killer bee.
The killer bee is lightly wounded.
You block the killer bee's attack. x2
The killer bee stings you but does no damage.
You hit the killer bee.
The killer bee is lightly wounded.
The killer bee stings you but does no damage.
The killer bee stings you.
You die...

#.#.#### #...# #.# ## #)#.#
#.#.##########.# .# #.#.#
#.#............#
.###.#.######.#..###########
.'..............>#
.###.#.######.##.# ## #.#.#
#.##y# ####.#.######.##y#
............#.##♣#
.......#.#.##.##.#
####.#.#.#.....#.#
#.#.#.#.##..#.#
####.#.#.#.##..#.#
...#.#......#..#.#
##.#.###....#..#.# #.#.#
#.......#.# #.###
#.#.....#.#


You could see 2 killer bees.

Vanquished Creatures
  An ogre (D:3)
  A killer bee (D:3)
  A worker ant (D:2)
  A hound skeleton (D:3)
  2 hound zombies (D:3)
  2 howler monkey skeletons (D:3)
  4 adders
  2 oozes
  An adder zombie (D:3)
  2 adder skeletons (D:3)
  A worm (D:3)
  4 dart slugs
  3 leopard geckos
  6 orcs (D:3)
  2 giant cockroaches
  A goblin (D:3)
  7 hobgoblins
  8 jackals
  6 kobolds
  A quokka (D:3)
  3 bats
  5 frilled lizards
  A jackal zombie (D:3)
  A leopard gecko zombie (D:3)
  A quokka skeleton (D:3)
  6 rats
73 creatures vanquished.

Notes
Turn   | Place    | Note
-------+----------+-------------------------------------------
     0 | D:1      | Mrkan the Gnoll Fighter began the quest for the Orb.
     0 | D:1      | Reached XP level 1. HP: 23/23 MP: 1/1
   123 | D:1      | Reached XP level 2. HP: 28/29 MP: 2/2
   930 | D:1      | Reached XP level 3. HP: 33/35 MP: 3/3
  1079 | D:2      | Found a burning altar of Makhleb.
  1081 | D:2      | Found a stormy altar of Qazlal.
  1082 | D:2      | Found a snail-covered altar of Cheibriados.
  1084 | D:2      | Found a shadowy altar of Dithmenos.
  1088 | D:2      | Found an opulent altar of Gozag.
  1200 | D:2      | Reached skill level 1 in Short Blades
  1200 | D:2      | Reached skill level 1 in Long Blades
  1200 | D:2      | Reached skill level 1 in Axes
  1200 | D:2      | Reached skill level 1 in Maces & Flails
  1200 | D:2      | Reached skill level 1 in Staves
  1200 | D:2      | Reached skill level 1 in Slings
  1200 | D:2      | Reached skill level 1 in Bows
  1200 | D:2      | Reached skill level 1 in Crossbows
  1200 | D:2      | Reached skill level 1 in Throwing
  1200 | D:2      | Reached skill level 1 in Dodging
  1200 | D:2      | Reached skill level 1 in Stealth
  1200 | D:2      | Reached skill level 1 in Unarmed Combat
  1200 | D:2      | Reached skill level 1 in Spellcasting
  1200 | D:2      | Reached skill level 1 in Invocations
  1200 | D:2      | Reached skill level 1 in Evocations
  1200 | D:2      | Reached XP level 4. HP: 38/41 MP: 5/5
  1675 | D:2      | Found a radiant altar of Vehumet.
  1740 | D:2      | Found a shimmering altar of Xom.
  2005 | D:3      | Reached skill level 1 in Conjurations
  2005 | D:3      | Reached skill level 1 in Hexes
  2005 | D:3      | Reached skill level 1 in Charms
  2005 | D:3      | Reached skill level 1 in Summonings
  2005 | D:3      | Reached skill level 1 in Necromancy
  2005 | D:3      | Reached skill level 1 in Translocations
  2005 | D:3      | Reached skill level 1 in Transmutations
  2005 | D:3      | Reached skill level 1 in Fire Magic
  2005 | D:3      | Reached skill level 1 in Ice Magic
  2005 | D:3      | Reached skill level 1 in Air Magic
  2005 | D:3      | Reached skill level 1 in Earth Magic
  2005 | D:3      | Reached skill level 1 in Poison Magic
  2090 | D:3      | Reached XP level 5. HP: 43/47 MP: 6/6
  2699 | D:3      | Noticed an ogre
  2719 | D:3      | Killed an ogre
  2719 | D:3      | Reached XP level 6. HP: 18/53 MP: 8/8
  3032 | D:3      | Reached skill level 5 in Polearms
  3081 | D:3      | HP: 3/79 [killer bee (6)]
  3085 | D:3      | Slain by a killer bee

Levels and vault maps discovered:
D:1:      psy_arrival_spokes, layout_basic, serial_forest,
          infiniplex_forest_clump_diagonal, infiniplex_forest_end_double,
          infiniplex_forest_clump_tiny, infiniplex_forest_corner_1,
          infiniplex_forest_lined_3, infiniplex_forest_end_1, minmay_door_square
D:2:      layout_rooms, grunt_temple_overflow_open, lemuel_doored_altar,
          nicolae_overflow_crystal_walls
D:3:      layout_basic, first_ration, serial_undead, serial_undead_f,
          serial_undead_a, serial_undead_f, serial_undead_d, serial_undead_c
D:4:      layout_loops_ring, lemuel_round_altar, serial_shops,
          nicolae_shop_stone, nicolae_shop_waterfront, shop

Skill      XL: |  1  2  3  4  5  6 |
---------------+-------------------+-----
Short Blades   | 1 2 |  2.0
Long Blades    | 1 2 |  2.0
Axes           | 1 2 |  2.0
Maces & Flails | 1 2 |  2.0
Staves         | 1 2 |  2.0
Slings         | 1 2 |  2.0
Bows           | 1 2 |  2.0
Crossbows      | 1 2 |  2.0
Throwing       | 1 2 |  2.0
Dodging        | 1 2 |  2.0
Stealth        | 1 2 |  2.0
Unarmed Combat | 1 2 |  2.0
Spellcasting   | 1 2 |  2.0
Invocations    | 1 2 |  2.2
Evocations     | 1 2 |  2.0
Conjurations   | 1 |  1.6
Hexes          | 1 |  1.6
Charms         | 1 |  1.6
Summonings     | 1 |  1.6
Necromancy     | 1 |  1.6
Translocations | 1 |  1.6
Transmutations | 1 |  1.6
Fire Magic     | 1 |  1.6
Ice Magic      | 1 |  1.6
Air Magic      | 1 |  1.6
Earth Magic    | 1 |  1.6
Poison Magic   | 1 |  1.6
Polearms       | 5 |  5.0
Fighting       | |  6.8
Armour         | |  6.8
Shields        | |  6.8

Action                   |  1- 3 |  4- 6 || total
-------------------------+-------+-------++-------
Melee: Trident           |    66 |   200 ||   266
       Bite              |     7 |    23 ||    30
 Fire: Hunting sling     |       |     4 ||     4
  Use: Potion            |       |     1 ||     1
  Eat: Chunk             |     1 |     4 ||     5
Armor: Scale mail        |    13 |       ||    13
       Chain mail        |    30 |    81 ||   111
       Plate armour      |       |    20 ||    20
       Skin              |       |    12 ||    12
Dodge: Dodged            |    23 |    57 ||    80
Block: Shield            |    36 |   146 ||   182
